 Dungeon Crawl Stone Soup version 0.27-a0-797-g27d10ad80f (webtiles) character file.

Game seed: 8197673029269071984

44 polve the Slasher (level 3, 0/29 HPs)
             Began as a Demonspawn Abyssal Knight on Mar 27, 2021.
             Was a Follower of Lugonu.
             Slain by a worm (10 damage)
             ... on level 2 of the Dungeon.
             The game lasted 00:01:12 (1552 turns).

polve the Slasher (Demonspawn Abyssal Knight)       Turns: 1552, Time: 00:01:13

Health: 0/29       AC:  6    Str: 12    XL:     3   Next: 39%
Magic:  4/4        EV: 10    Int: 14    God:    Lugonu [*.....]
Gold:   97         SH:  3    Dex: 12    Spells: 2/2 levels left

rFire    . . .     SeeInvis .   a - +1 falchion
rCold    . . .     Faith    .   f - +0 buckler
rNeg     . . .     Spirit   .   b - +0 leather armour
rPois    .         Reflect  .   (no helmet)
rElec    .         Harm     .   c - +0 cloak
rCorr    .         Rampage  .   (no gloves)
Will     .....                  (no boots)
Stlth    +.........             (no amulet)
HPRegen  0.09/turn              (no ring)
MPRegen  0.09/turn              (no ring)

@: no status effects
A: molten scales 1, foul stench 1
a: Renounce Religion, Depart the Abyss


You were on level 2 of the Dungeon.
You worshipped Lugonu.
Lugonu was aware of your devotion.
You visited 1 branch of the dungeon, and saw 2 of its levels.
You visited the Abyss 1 time.

You collected 97 gold pieces.

Inventory:

Hand Weapons
 a - a +1 falchion (weapon)
Armour
 b - a +0 leather armour (worn)
 c - a +0 cloak (worn)
 f - a +0 buckler (worn)
Jewellery
 e - a ring of ice
Scrolls
 g - a scroll of magic mapping {unknown}
Potions
 d - a potion of might


   Skills:
 - Level 3.0 Fighting
 + Level 3.2 Long Blades
 - Level 1.7 Armour
 - Level 0.8 Dodging
 * Level 1.0 Shields
 - Level 2.4 Invocations


You had 2 spell levels left.
You didn't know any spells.
Your spell library contained the following spells:

 Spells                   Type           Power      Damage    Failure   Level
 Confusing Touch          Hex            0%         N/A       86%         3
 Gell's Gravitas          Tloc           0%         N/A       86%         3
 Petrify                  Tmut/Erth      0%         N/A       99%         4
 Metabolic Englaciation   Hex/Ice        0%         N/A       100%        5
 Yara's Violent Unravell  Hex/Tmut       0%         3d3       100%        5


Dungeon Overview and Level Annotations

Branches:
Dungeon (2/15)

Altars:


Innate Abilities, Weirdness & Mutations

You are partially covered in molten scales. (AC +2)
You may rarely emit foul miasma when damaged in melee.


Message History

* * * LOW HITPOINT WARNING * * *
You are lethally poisoned!
The adder poisons you!
* * * LOW HITPOINT WARNING * * *
You feel very sick.
* * * LOW HITPOINT WARNING * * *
You feel sick.
* * * LOW HITPOINT WARNING * * *
You feel sick.
It was a potion of might.
You feel very mighty all of a sudden.
* * * LOW HITPOINT WARNING * * *
You feel sick. The adder bites you but does no damage.
The adder closely misses you.
Okay, then.
You barely miss the adder.
The adder is heavily wounded.
* * * LOW HITPOINT WARNING * * *
You feel sick.
You are no longer poisoned.
The adder barely misses you.
You riposte.
You barely miss the adder.
The adder is heavily wounded.
You barely miss the adder.
The adder is heavily wounded.
You block the adder's attack. The adder barely misses you.
You riposte.
You hit the adder.
You kill the adder!
Lugonu accepts your kill.
Your Shields skill increases to level 1!
You slash the endoplasm!
You kill the endoplasm!
Lugonu accepts your kill.
You start resting.
You feel a little less mighty now.
A worm comes into view.
A worm is nearby!
Found 3 large rocks.
A worm is nearby!
You barely miss the worm. The worm bites you!
You die...

........##......# .
#.####.#####......# .
#.####.#####......# #
#. #.#..........##.###
#.#.##.#.....#######.#
#.............######.##
#....(......##......##
#...........##........
#....@#####.##..##..#.
#....w#####.##......#.
#.#.#.......##...##.#.
#.......w#####...##.#.
#.....##.# #........
#.....)..### ###.#####
#..........#####.#
#.....##†#.......#
##..## #.#########


You could see a worm.

Vanquished Creatures
  An adder (D:2)
  3 endoplasms
  A giant cockroach (D:1)
  2 hobgoblins
  7 jackals
  3 quokkas (D:1)
  4 ball pythons (D:1)
  2 bats (D:1)
  A frilled lizard (D:1)
  3 goblins (D:1)
  A kobold (D:2)
  3 rats
31 creatures vanquished.

Notes
Turn   | Place    | Note
-------+----------+-------------------------------------------
     0 | Abyss:1  | polve the Demonspawn Abyssal Knight began the quest for the
                  | Orb.
     0 | Abyss:1  | Reached XP level 1. HP: 18/18 MP: 2/2
    66 | Abyss:2  | Noticed a small abomination
    70 | Abyss:2  | Noticed a large abomination
    71 | Abyss:2  | Noticed a wretched star
    73 | D:1      | Escaped the Abyss
   544 | D:1      | Gained mutation: You may rarely emit foul miasma when
                  | damaged in melee. [demonic ancestry]
   544 | D:1      | Reached XP level 2. HP: 24/24 MP: 3/3
   658 | D:1      | Reached * piety under Lugonu
  1277 | D:1      | Gained mutation: You are partially covered in molten
                  | scales. (AC +2) [demonic ancestry]
  1277 | D:1      | Reached XP level 3. HP: 29/29 MP: 4/4
  1453 | D:2      | HP: 1/29 [poisoned by an adder]
  1455 | D:2      | Reached skill level 1 in Shields
  1552 | D:2      | Slain by a worm

Illustrated notes

Levels and vault maps discovered:
D:1:      zelgadis_glass_arrival_small, layout_loops_ring
D:2:      layout_loops_cross, uniq_jessica

Skill      XL: |  1  2  3 |
---------------+----------+-----
Long Blades    | 2 3 |  3.2
Shields        | 1 |  1.0
Fighting       | |  3.0
Armour         | |  1.7
Dodging        | |  0.8
Invocations    | |  2.4

Action                   || total
-------------------------++-------
Melee: Falchion          ||    66
Invok: Depart the Abyss  ||     1
  Use: Potion            ||     1
 Stab: Distracted        ||     1
Armor: Leather armour    ||    27
Dodge: Dodged            ||    54
Block: Buckler           ||     4
       Rpst.: Falchion   ||    19

Table legend: (Time is in decaauts)
 A = Elapsed time spent in this place.
 B = Non-inter-level travel time spent in this place.
 C = Inter-level travel time spent in this place.
 D = Time resting spent in this place.
 E = Time spent auto-exploring this place.
 F = Levels seen in this place.
 G = Mean time per level.
                   A        B        C        D        E       F      G
               +--------+--------+--------+--------+--------+-----+--------+
         Total |   1563 |   1516 |     47 |     51 |   1277 |   4 |  390.8 |
       Dungeon |   1490 |   1443 |     47 |     51 |   1220 |   2 |  745.0 |
         Abyss |     73 |     73 |      0 |      0 |     57 |   2 |   36.5 |
               +--------+--------+--------+--------+--------+-----+--------+

Top non-repeatable levels by time:
     D:1: 1333 daAuts
     D:2: 157 daAuts
 Abyss:2: 49 daAuts
 Abyss:1: 24 daAuts
